| TOP OF THE 1ST |
|
Omaha Storm Chasers batting - Pitching for Evansville Triplets : RHP Chris Codiroli
|
|
Pitching: RHP Chris Codiroli
|
|
|
Batting: LHB Gary Fulton
|
0-0: Called Strike 0-1: Foul Ball, location: 2F 0-2: Strikes out swinging
|
|
Batting: RHB Odie Davis
|
0-0: Foul Ball, location: 2F 0-1: Ball 1-1: Ground out 6-3 (Groundball, 6, EV 96.9 MPH)
|
|
Batting: RHB Dave Kingman
|
0-0: Ball 1-0: Ball 2-0: Ball 3-0: Base on Balls
|
|
Batting: LHB Jim Eisenreich
|
0-0: Called Strike 0-1: Ball 1-1: Swinging Strike 1-2: Strikes out swinging
|
| Top of the 1st over - 0 runs, 0 hits, 0 errors, 1 left on base; Omaha 0 - Evansville 0 |
| BOTTOM OF THE 1ST |
|
Evansville Triplets batting - Pitching for Omaha Storm Chasers : LHP Frank Viola
|
|
Pitching: LHP Frank Viola
|
|
|
Batting: RHB Tack Wilson
|
0-0: Swinging Strike 0-1: Foul Ball, location: 2F 0-2: Ball 1-2: SINGLE (Groundball, 13S, EV 70.6 MPH) (infield hit)
|
|
Batting: LHB Kevin Christensen
|
0-0: Ball Tack Wilson is caught stealing 2nd base 2-6 1-0: Swinging Strike 1-1: Foul Ball, location: 2F 1-2: Ball 2-2: Foul Ball, location: 2F 2-2: DOUBLE (Line Drive, 7LM, EV 98.1 MPH)
|
|
Batting: LHB Lloyd Moseby
|
0-0: Called Strike 0-1: Ball 1-1: Fly out, F7 (Line Drive, 7, EV 86.9 MPH)
|
|
Batting: RHB Ron Kittle
|
0-0: Called Strike 0-1: Ball 1-1: DOUBLE (Flyball, 8RXD, EV 99.4 MPH) Kevin Christensen scores
|
|
Batting: SHB Tony Bernazard
|
0-0: Foul Ball, location: 2F 0-1: Fly out, F5 (Popup, 56, EV 73.8 MPH)
|
| Bottom of the 1st over - 1 run, 3 hits, 0 errors, 1 left on base; Omaha 0 - Evansville 1 |
| TOP OF THE 2ND |
|
Omaha Storm Chasers batting - Pitching for Evansville Triplets : RHP Chris Codiroli
|
|
Batting: LHB Willie Crawford
|
0-0: Ball 1-0: Fly out, F8 (Flyball, 8RD, EV 91.3 MPH)
|
|
Batting: RHB Joe Ferguson
|
0-0: Ball 1-0: Fly out, F8 (Flyball, 89D, EV 86.3 MPH)
|
|
Batting: RHB Al Minker
|
0-0: Called Strike 0-1: Foul Ball, location: 2F 0-2: Ball 1-2: Foul Ball, location: 2F 1-2: Ball 2-2: Ball 3-2: Fly out, F5 (Line Drive, 5, EV 70.0 MPH)
|
| Top of the 2nd over - 0 runs, 0 hits, 0 errors, 0 left on base; Omaha 0 - Evansville 1 |
| BOTTOM OF THE 2ND |
|
Evansville Triplets batting - Pitching for Omaha Storm Chasers : LHP Frank Viola
|
|
Batting: RHB James Shinn
|
0-0: Foul Ball, location: 2F 0-1: Ball 1-1: Foul Ball, location: 2F 1-2: Foul Ball, location: 2F 1-2: Ball 2-2: Ball 3-2: Foul Ball, location: 2F 3-2: Strikes out swinging
|
|
Batting: RHB Gary Allenson
|
0-0: Swinging Strike 0-1: Called Strike 0-2: Ball 1-2: Ball 2-2: Ball 3-2: Strikes out swinging
|
|
Batting: RHB Tom Veryzer
|
0-0: Fly out, F8 (Flyball, 8RS, EV 84.4 MPH)
|
| Bottom of the 2nd over - 0 runs, 0 hits, 0 errors, 0 left on base; Omaha 0 - Evansville 1 |
| TOP OF THE 3RD |
|
Omaha Storm Chasers batting - Pitching for Evansville Triplets : RHP Chris Codiroli
|
|
Batting: RHB Cesare Pierpaoli
|
0-0: Ball 1-0: Ball 2-0: Foul Ball, location: 2F 2-1: SINGLE (Line Drive, 34, EV 97.5 MPH)
|
|
Batting: LHB Dave Baker
|
0-0: Ball 1-0: Called Strike 1-1: Swinging Strike 1-2: Strikes out swinging
|
|
Batting: LHB Gary Fulton
|
0-0: Ball 1-0: Ball 2-0: Foul Ball, location: 2F 2-1: Called Strike 2-2: Ball 3-2: Strikes out looking
|
|
Batting: RHB Odie Davis
|
0-0: Ball Cesare Pierpaoli steals 2nd base 1-0: Ball 2-0: Called Strike 2-1: SINGLE (Line Drive, 34D, EV 101.3 MPH) Cesare Pierpaoli to third Runner from 3rd tries for Home, SAFE, throw by RF to home
|
|
Batting: RHB Dave Kingman
|
0-0: Ball Wild Pitch! Odie Davis to second 1-0: Foul Ball, location: 2F 1-1: Swinging Strike 1-2: Ball 2-2: Strikes out swinging
|
| Top of the 3rd over - 1 run, 2 hits, 0 errors, 1 left on base; Omaha 1 - Evansville 1 |
| BOTTOM OF THE 3RD |
|
Evansville Triplets batting - Pitching for Omaha Storm Chasers : LHP Frank Viola
|
|
Batting: LHB Luis Alfaro
|
0-0: Ball 1-0: Called Strike 1-1: Ground out 1-3 (Groundball, 13S, EV 63.8 MPH)
|
|
Batting: RHB Tack Wilson
|
0-0: Called Strike 0-1: Foul Ball, location: 2F 0-2: Ball 1-2: Ball 2-2: Fly out, F9 (Flyball, 9, EV 89.4 MPH)
|
|
Batting: LHB Kevin Christensen
|
0-0: Fly out, F8 (Flyball, 8RD, EV 83.1 MPH)
|
| Bottom of the 3rd over - 0 runs, 0 hits, 0 errors, 0 left on base; Omaha 1 - Evansville 1 |
| TOP OF THE 4TH |
|
Omaha Storm Chasers batting - Pitching for Evansville Triplets : RHP Chris Codiroli
|
|
Batting: LHB Jim Eisenreich
|
0-0: Ball 1-0: Ball 2-0: Fly out, F8 (Flyball, 8LXD, EV 94.4 MPH)
|
|
Batting: LHB Willie Crawford
|
0-0: Ball 1-0: Called Strike 1-1: Ball 2-1: Ball 3-1: Base on Balls
|
|
Batting: RHB Joe Ferguson
|
0-0: Ball 1-0: Called Strike 1-1: Swinging Strike 1-2: Strikes out swinging
|
|
Batting: RHB Al Minker
|
0-0: Ball 1-0: Foul Ball, location: 2F 1-1: SINGLE (Groundball, 6MD, EV 103.8 MPH) Willie Crawford to second Runner from 2nd tries for 3rd, SAFE, no throw by CF
|
|
Batting: RHB Cesare Pierpaoli
|
0-0: Ball 1-0: Ball 2-0: Swinging Strike 2-1: Foul Ball, location: 2F 2-2: Ball 3-2: Ground out 1-3 (Groundball, P, EV 91.3 MPH)
|
| Top of the 4th over - 0 runs, 1 hit, 0 errors, 2 left on base; Omaha 1 - Evansville 1 |
| BOTTOM OF THE 4TH |
|
Evansville Triplets batting - Pitching for Omaha Storm Chasers : LHP Frank Viola
|
|
Batting: LHB Lloyd Moseby
|
0-0: Ball 1-0: Ball 2-0: Ground out 3-1 (Groundball, 34, EV 85.6 MPH)
|
|
Batting: RHB Ron Kittle
|
0-0: Ball 1-0: Called Strike 1-1: Called Strike 1-2: Ball 2-2: Foul Ball, location: 2F 2-2: Ball 3-2: Foul Ball, location: 2F 3-2: Base on Balls
|
|
Batting: SHB Tony Bernazard
|
0-0: Ball 1-0: Called Strike 1-1: Ball 2-1: Foul Ball, location: 2F 2-2: Ball 3-2: Foul Ball, location: 2F 3-2: Foul Ball, location: 2F 3-2: Fly out, F5 (Popup, 5, EV 83.8 MPH)
|
|
Batting: RHB James Shinn
|
0-0: Ball 1-0: Fly out, F7 (Flyball, 7S, EV 80.6 MPH)
|
| Bottom of the 4th over - 0 runs, 0 hits, 0 errors, 1 left on base; Omaha 1 - Evansville 1 |
| TOP OF THE 5TH |
|
Omaha Storm Chasers batting - Pitching for Evansville Triplets : RHP Chris Codiroli
|
|
Batting: LHB Dave Baker
|
0-0: Called Strike 0-1: Foul Ball, location: 2F 0-2: Strikes out looking
|
|
Batting: LHB Gary Fulton
|
0-0: Ball 1-0: Called Strike 1-1: Swinging Strike 1-2: Ball 2-2: Foul Ball, location: 2F 2-2: Ground out 5-3 (Groundball, 5L, EV 107.5 MPH)
|
|
Batting: RHB Odie Davis
|
0-0: Swinging Strike 0-1: Foul Ball, location: 2F 0-2: Ball 1-2: Ball 2-2: Strikes out swinging
|
| Top of the 5th over - 0 runs, 0 hits, 0 errors, 0 left on base; Omaha 1 - Evansville 1 |
| BOTTOM OF THE 5TH |
|
Evansville Triplets batting - Pitching for Omaha Storm Chasers : LHP Frank Viola
|
|
Batting: RHB Gary Allenson
|
0-0: Ball 1-0: Called Strike 1-1: Fly out, F8 (Flyball, 8LD, EV 86.9 MPH)
|
|
Batting: RHB Tom Veryzer
|
0-0: Called Strike 0-1: Fly out, F8 (Flyball, 89M, EV 88.8 MPH)
|
|
Batting: LHB Luis Alfaro
|
0-0: Ball 1-0: SINGLE (Groundball, 5S, EV 68.1 MPH) (infield hit)
|
|
Batting: RHB Tack Wilson
|
0-0: Fly out, F7 (Flyball, 7, EV 94.4 MPH)
|
| Bottom of the 5th over - 0 runs, 1 hit, 0 errors, 1 left on base; Omaha 1 - Evansville 1 |
| TOP OF THE 6TH |
|
Omaha Storm Chasers batting - Pitching for Evansville Triplets : RHP Chris Codiroli
|
|
Batting: RHB Dave Kingman
|
0-0: Foul Ball, location: 2F 0-1: Foul Ball, location: 2F 0-2: Ground out 6-3 (Groundball, 56, EV 83.1 MPH)
|
|
Batting: LHB Jim Eisenreich
|
0-0: Ball 1-0: Ball 2-0: Called Strike 2-1: Foul Ball, location: 2F 2-2: Strikes out swinging
|
|
Batting: LHB Willie Crawford
|
0-0: Called Strike 0-1: Called Strike 0-2: Ball 1-2: Ball 2-2: Ground out 4-3 (Groundball, 4D, EV 83.8 MPH)
|
| Top of the 6th over - 0 runs, 0 hits, 0 errors, 0 left on base; Omaha 1 - Evansville 1 |
| BOTTOM OF THE 6TH |
|
Evansville Triplets batting - Pitching for Omaha Storm Chasers : LHP Frank Viola
|
|
Batting: LHB Kevin Christensen
|
0-0: Ball 1-0: SINGLE (Groundball, 6D, EV 96.9 MPH)
|
|
Batting: LHB Lloyd Moseby
|
0-0: Called Strike 0-1: Fly out, F7 (Flyball, 78D, EV 96.9 MPH) Runner from 1st tags up, SAFE at 2nd
|
|
Batting: RHB Ron Kittle
|
0-0: Foul Ball, location: 2F 0-1: Ball 1-1: Ball 2-1: Called Strike 2-2: Foul Ball, location: 2F 2-2: Fly out, F7 (Flyball, 7D, EV 90.6 MPH)
|
|
Batting: SHB Tony Bernazard
|
0-0: Ball 1-0: Ball 2-0: Reached via error on a dropped throw from 1B, E1 (Groundball, 34S, EV 83.8 MPH) Kevin Christensen to third
|
|
Batting: RHB James Shinn
|
0-0: Ball 1-0: Ball 2-0: Ball 3-0: Called Strike 3-1: Called Strike 3-2: SINGLE (Line Drive, 6MD, EV 103.8 MPH) Kevin Christensen scores Tony Bernazard to second Tony Bernazard to third
|
|
Batting: RHB Gary Allenson
|
0-0: Fielders Choice at 2nd, U4 (Groundball, 4M, EV 86.3 MPH)
|
| Bottom of the 6th over - 1 run, 2 hits, 1 error, 2 left on base; Omaha 1 - Evansville 2 |
| TOP OF THE 7TH |
|
Omaha Storm Chasers batting - Pitching for Evansville Triplets : RHP Chris Codiroli
|
|
Batting: RHB Joe Ferguson
|
0-0: Called Strike 0-1: Ball 1-1: Foul Ball, location: 2F 1-2: Strikes out swinging
|
|
Pitching: RHP Gordie Pladson
|
|
|
Batting: RHB Al Minker
|
0-0: Ground out 4-3 (Groundball, 4, EV 81.9 MPH)
|
|
Batting: RHB Cesare Pierpaoli
|
0-0: Ball 1-0: Ball 2-0: SINGLE (Line Drive, 9, EV 88.8 MPH)
|
|
Batting: LHB Dave Baker
|
0-0: SINGLE (Line Drive, 8LS, EV 106.3 MPH) Cesare Pierpaoli to second Runner from 2nd tries for 3rd, SAFE, throw by CF made to third
|
|
Batting: LHB Gary Fulton
|
0-0: Called Strike 0-1: Foul Ball, location: 2F 0-2: Ball 1-2: Foul Ball, location: 2F 1-2: Ball 2-2: Foul Ball, location: 2F 2-2: Strikes out swinging
|
| Top of the 7th over - 0 runs, 2 hits, 0 errors, 2 left on base; Omaha 1 - Evansville 2 |
| BOTTOM OF THE 7TH |
|
Evansville Triplets batting - Pitching for Omaha Storm Chasers : LHP Frank Viola
|
|
Batting: RHB Tom Veryzer
|
0-0: Ball 1-0: Called Strike 1-1: Foul Ball, location: 2F 1-2: Strikes out swinging
|
|
Batting: LHB Luis Alfaro
|
0-0: Ground out 4-3 (Groundball, 4, EV 87.5 MPH)
|
|
Batting: RHB Tack Wilson
|
0-0: Bunt missed! 0-1: Ball 1-1: Ball 2-1: Ball 3-1: SINGLE (Line Drive, 9S, EV 85.6 MPH)
|
|
Batting: LHB Kevin Christensen
|
0-0: Called Strike 0-1: SINGLE (Line Drive, 8LS, EV 91.9 MPH) Tack Wilson to second Tack Wilson to third
|
|
Batting: LHB Lloyd Moseby
|
0-0: Called Strike 0-1: SINGLE (Flyball, 6MD, EV 83.8 MPH) Tack Wilson scores Kevin Christensen to second
|
|
Batting: RHB Ron Kittle
|
0-0: Ball 1-0: Foul Ball, location: 2F 1-1: Ball 2-1: Swinging Strike 2-2: Foul Ball, location: 2F 2-2: Ball 3-2: Foul Ball, location: 2F 3-2: Base on Balls Kevin Christensen to third Lloyd Moseby to second
|
|
Batting: SHB Tony Bernazard
|
0-0: Ball 1-0: Called Strike 1-1: Fly out, F7 (Flyball, 7, EV 83.1 MPH)
|
| Bottom of the 7th over - 1 run, 3 hits, 0 errors, 3 left on base; Omaha 1 - Evansville 3 |
| TOP OF THE 8TH |
|
Omaha Storm Chasers batting - Pitching for Evansville Triplets : RHP Gordie Pladson
|
|
Now at 2B: Bobby Thompson
|
|
|
Now in RF: Bruce Boisclair
|
|
|
Batting: RHB Odie Davis
|
0-0: Foul Ball, location: 2F 0-1: Ball 1-1: Ball 2-1: Foul Ball, location: 2F 2-2: Ground out 6-3 (Groundball, 6S, EV 91.3 MPH)
|
|
Batting: RHB Dave Kingman
|
0-0: Ball 1-0: Called Strike 1-1: Fly out, F9 (Flyball, 9LD, EV 98.1 MPH)
|
|
Batting: LHB Jim Eisenreich
|
0-0: Ball 1-0: Swinging Strike 1-1: Ground out 6-3 (Groundball, 6S, EV 66.3 MPH)
|
| Top of the 8th over - 0 runs, 0 hits, 0 errors, 0 left on base; Omaha 1 - Evansville 3 |
| BOTTOM OF THE 8TH |
|
Evansville Triplets batting - Pitching for Omaha Storm Chasers : LHP Frank Viola
|
|
Batting: RHB James Shinn
|
0-0: Swinging Strike 0-1: Foul Ball, location: 2F 0-2: Ball 1-2: Ball 2-2: Strikes out swinging
|
|
Batting: RHB Gary Allenson
|
0-0: Ball 1-0: Foul Ball, location: 2F 1-1: Called Strike 1-2: SINGLE (Line Drive, 8LM, EV 95.6 MPH)
|
|
Batting: RHB Tom Veryzer
|
0-0: Foul Ball, location: 2F 0-1: SINGLE (Groundball, 6, EV 90.0 MPH) (infield hit) Gary Allenson to second
|
|
Batting: LHB Luis Alfaro
|
0-0: Foul Ball, location: 2F 0-1: Fielders Choice at 2nd, 4-6 (Groundball, 34, EV 79.4 MPH) Gary Allenson to third
|
|
Batting: RHB Tack Wilson
|
0-0: Called Strike 0-1: Ball 1-1: SINGLE (Groundball, 56D, EV 103.1 MPH) Gary Allenson scores Luis Alfaro to second
|
|
Batting: LHB Bruce Boisclair
|
0-0: Ball 1-0: Called Strike 1-1: Fly out, F5 (Line Drive, 5, EV 68.8 MPH)
|
| Bottom of the 8th over - 1 run, 3 hits, 0 errors, 2 left on base; Omaha 1 - Evansville 4 |
| TOP OF THE 9TH |
|
Omaha Storm Chasers batting - Pitching for Evansville Triplets : RHP Gordie Pladson
|
|
Now at 1B: Reginald Coleman
|
|
|
Batting: LHB Willie Crawford
|
0-0: Ball 1-0: Called Strike 1-1: Ball 2-1: Fly out, F8 (Flyball, 8RD, EV 106.3 MPH)
|
|
Batting: RHB Joe Ferguson
|
0-0: Foul Ball, location: 2F 0-1: Ground out 4-3 (Groundball, 4, EV 76.9 MPH)
|
|
Batting: RHB Al Minker
|
0-0: Ground out 6-3 (Groundball, 6, EV 78.8 MPH)
|
| Top of the 9th over - 0 runs, 0 hits, 0 errors, 0 left on base; Omaha 1 - Evansville 4 |
|